General information
			
			
        
        - name: BNet
 
        - type: Ladder team game (AT/RT)
 
        - host: Battle.net
 
        - saver: www.urgay.com
 
        
map: LostTemple 
        - players: 4
 
        - length: 356:12
 
        - speed: Fast
 - version: 1.20 W3XP
 - replay type:  Public
 
» download(814 KB)
Players
        team 1 (winner) 
              
              
ANGRYBIRD (
blue | 18 APM | 6363 actions | 356:12)
              
 10 Crypt Lord 
 3 Carrion Beetles
 3 Spiked Carapace
 3 Impale
 1 Locust Swarm
 7 Death Knight 
 3 Death Coil
 3 Unholy Aura
 1 Animate Dead
 
                » actions 
                
                | Assign group hotkey | 156 |  | 
| Basic commands | 108 |  | 
| Build / train | 110 |  | 
| ESC pressed | 7 |  | 
| Enter build submenu | 28 |  | 
| Enter hero's abilities submenu | 18 |  | 
| Give item / drop item | 8 |  | 
| Remove unit from queue | 1 |  | 
| Right click | 2807 |  | 
| Select / deselect | 930 |  | 
| Select group hotkey | 1944 |  | 
| Use ability | 246 |  | 
                6363 total
 » units 
                
                | Acolyte | 12 |  | 
| Ghoul | 12 |  | 
| Gargoyle | 10 |  | 
| Obsidian Statue | 2 |  | 
| Crypt Fiend | 13 |  | 
| Goblin Zeppelin | 1 |  | 
                50 total
 » upgrades
                
                | Unholy Strength | 2 |  | 
| Creature Attack | 3 |  | 
| Ghoul Frenzy | 1 |  | 
| Creature Carapace | 3 |  | 
| Web | 1 |  | 
| Stone Form | 1 |  | 
| Burrow | 1 |  | 
                12 total
 » buildings
                
                | Altar of Darkness | 1 |  | 
| Crypt | 2 |  | 
| Ziggurat | 19 |  | 
| Tomb of Relics | 1 |  | 
| Graveyard | 1 |  | 
| Halls of the Dead | 1 |  | 
| Black Citadel | 1 |  | 
| Slaughterhouse | 1 |  | 
| Necropolis | 1 |  | 
| Spirit Tower | 12 |  | 
                40 total
 » build order
                00:10 Altar of Darkness
00:15 Crypt
00:34 Ziggurat
00:58 Tomb of Relics
01:14 Ziggurat
01:38 Graveyard
04:10 Halls of the Dead
07:41 Crypt
08:38 Ziggurat
08:38 Ziggurat
10:28 Black Citadel
11:12 Ziggurat
11:14 Ziggurat
11:19 Slaughterhouse
14:38 Necropolis
16:26 Ziggurat
16:27 Ziggurat
16:29 Ziggurat
16:59 Ziggurat
19:41 Spirit Tower
19:56 Spirit Tower
23:49 Ziggurat
23:50 Ziggurat
23:52 Ziggurat
23:54 Ziggurat
25:31 Spirit Tower
25:34 Spirit Tower
33:19 Spirit Tower
33:20 Spirit Tower
37:33 Spirit Tower
40:11 Spirit Tower
40:14 Spirit Tower
107:49 Spirit Tower
107:52 Ziggurat
107:54 Ziggurat
107:55 Ziggurat
107:55 Ziggurat
107:57 Ziggurat
109:01 Spirit Tower
110:09 Spirit Tower
» items
                
                | Rod of Necromancy | 1 |  | 
| Tome of Retraining | 2 |  | 
| Scroll of Town Portal | 2 |  | 
| Scroll of Healing | 2 |  | 
| Orb of Lightning | 1 |  | 
                8 total
  
               
              
              
NeverM1nD (
red | 20 APM | 7231 actions | 356:12)
              
 8 Blademaster 
 3 Wind Walk
 3 Critical Strike
 1 Bladestorm
 1 Mirror Image
 7 Shadow Hunter 
 3 Hex
 2 Healing Wave
 1 Big Bad Voodoo
 1 Serpent Ward
 3 Far Seer 
 2 Far Sight
 1 Feral Spirit
 
                » actions 
                
                | Assign group hotkey | 300 |  | 
| Basic commands | 83 |  | 
| Build / train | 136 |  | 
| ESC pressed | 15 |  | 
| Enter build submenu | 47 |  | 
| Enter hero's abilities submenu | 23 |  | 
| Give item / drop item | 6 |  | 
| Right click | 3583 |  | 
| Select / deselect | 1572 |  | 
| Select group hotkey | 1101 |  | 
| Use ability | 365 |  | 
                7231 total
 » units 
                
                | Peon | 29 |  | 
| Grunt | 7 |  | 
| Demolisher | 17 |  | 
| Goblin Zeppelin | 6 |  | 
| Tauren | 6 |  | 
| Shaman | 2 |  | 
| Troll Witch Doctor | 1 |  | 
| Troll Batrider | 1 |  | 
| Kodo Beast | 1 |  | 
                70 total
 » upgrades
                
                | Shaman Training | 2 |  | 
| Witch Doctor Training | 2 |  | 
| War Drums Damage Increase | 2 |  | 
| Backpack | 1 |  | 
| Reinforced Defenses | 1 |  | 
| Ranged Weapons | 3 |  | 
                11 total
 » buildings
                
                | Altar of Storms | 1 |  | 
| Orc Burrow | 8 |  | 
| Barracks | 1 |  | 
| Voodoo Lounge | 1 |  | 
| Stronghold | 2 |  | 
| War Mill | 1 |  | 
| Fortress | 1 |  | 
| Spirit Lodge | 2 |  | 
| Great Hall | 3 |  | 
| Tauren Totem | 1 |  | 
| Beastiary | 1 |  | 
| Watch Tower | 21 |  | 
                43 total
 » build order
                00:06 Altar of Storms
00:19 Orc Burrow
00:34 Barracks
01:34 Orc Burrow
02:39 Voodoo Lounge
03:37 Orc Burrow
04:39 Stronghold
04:40 Stronghold
04:52 War Mill
05:39 Orc Burrow
07:32 Fortress
07:46 Spirit Lodge
08:33 Spirit Lodge
08:35 Orc Burrow
08:47 Great Hall
10:23 Tauren Totem
13:40 Beastiary
14:59 Orc Burrow
15:42 Orc Burrow
16:45 Orc Burrow
24:11 Watch Tower
37:21 Watch Tower
37:24 Watch Tower
37:28 Watch Tower
37:31 Watch Tower
37:35 Watch Tower
37:40 Watch Tower
37:45 Watch Tower
37:50 Watch Tower
39:18 Great Hall
43:51 Great Hall
43:55 Watch Tower
43:58 Watch Tower
44:06 Watch Tower
44:10 Watch Tower
45:16 Watch Tower
45:23 Watch Tower
45:42 Watch Tower
51:20 Watch Tower
51:38 Watch Tower
108:16 Watch Tower
108:54 Watch Tower
109:28 Watch Tower
» items
                
                | Healing Salve | 2 |  | 
| Lesser Clarity Potion | 3 |  | 
| Scroll of Protection | 1 |  | 
| Scroll of Healing | 1 |  | 
| Scroll of Town Portal | 4 |  | 
| Orb of Lightning | 2 |  | 
| Tiny Great Hall | 1 |  | 
| Orb of Corruption | 1 |  | 
| Scroll of Speed | 1 |  | 
| Staff of Teleportation | 1 |  | 
                17 total
  
               team 2 (loser) 
              
              
IvoryTower (
pink | 82 APM | 6014 actions | 73:37)
              
 5 Archmage 
 3 Summon Water Elemental
 2 Brilliance Aura
 
                » actions 
                
                | Assign group hotkey | 212 |  | 
| Basic commands | 34 |  | 
| Build / train | 347 |  | 
| ESC pressed | 10 |  | 
| Enter build submenu | 175 |  | 
| Enter hero's abilities submenu | 6 |  | 
| Right click | 2388 |  | 
| Select / deselect | 1698 |  | 
| Select group hotkey | 651 |  | 
| Use ability | 493 |  | 
                6014 total
 » units 
                
                | Peasant | 43 |  | 
| Dragonhawk Rider | 32 |  | 
| Goblin Zeppelin | 2 |  | 
| Gryphon Rider | 1 |  | 
| Goblin Shredder | 5 |  | 
                83 total
 » upgrades
                
                | Masonry | 3 |  | 
| Lumber Harvesting | 2 |  | 
| Cloud | 1 |  | 
| Storm Hammers | 1 |  | 
| Magic Sentry | 1 |  | 
| Animal War Training | 1 |  | 
| Armor | 3 |  | 
| Swords | 3 |  | 
                15 total
 » buildings
                
                | Altar of Kings | 1 |  | 
| Farm | 22 |  | 
| Scout Tower | 257 |  | 
| Arcane Tower | 10 |  | 
| Lumber Mill | 2 |  | 
| Guard Tower | 206 |  | 
| Town Hall | 5 |  | 
| Keep | 2 |  | 
| Gryphon Aviary | 4 |  | 
| Arcane Vault | 2 |  | 
| Castle | 2 |  | 
| Arcane Sanctum | 1 |  | 
| Barracks | 1 |  | 
| Blacksmith | 1 |  | 
                516 total
 » build order
                00:04 Altar of Kings
00:20 Farm
00:35 Scout Tower
01:02 Arcane Tower
01:06 Lumber Mill
01:23 Farm
01:48 Farm
02:33 Scout Tower
02:41 Scout Tower
02:51 Scout Tower
03:01 Guard Tower
03:02 Guard Tower
03:12 Guard Tower
03:21 Arcane Tower
04:07 Scout Tower
04:11 Scout Tower
04:13 Town Hall
04:21 Arcane Tower
04:23 Scout Tower
04:25 Scout Tower
04:29 Scout Tower
04:47 Guard Tower
04:55 Guard Tower
05:02 Guard Tower
05:07 Guard Tower
05:17 Scout Tower
05:19 Scout Tower
05:25 Guard Tower
05:25 Guard Tower
05:25 Guard Tower
05:35 Scout Tower
05:36 Scout Tower
05:37 Scout Tower
05:37 Scout Tower
05:50 Keep
06:13 Guard Tower
06:13 Guard Tower
07:11 Scout Tower
07:12 Scout Tower
07:13 Scout Tower
07:14 Scout Tower
07:18 Scout Tower
07:31 Guard Tower
08:36 Gryphon Aviary
08:37 Gryphon Aviary
08:49 Arcane Vault
09:41 Scout Tower
09:42 Scout Tower
09:43 Scout Tower
10:19 Guard Tower
10:23 Farm
10:24 Farm
10:38 Guard Tower
10:39 Guard Tower
11:04 Scout Tower
11:05 Scout Tower
11:07 Scout Tower
11:09 Scout Tower
11:14 Guard Tower
11:22 Scout Tower
11:23 Scout Tower
11:23 Guard Tower
11:23 Guard Tower
11:24 Guard Tower
11:45 Guard Tower
11:47 Scout Tower
12:07 Guard Tower
12:08 Scout Tower
12:09 Scout Tower
12:13 Guard Tower
12:13 Guard Tower
12:15 Scout Tower
12:18 Guard Tower
12:19 Scout Tower
12:21 Scout Tower
12:22 Scout Tower
12:36 Guard Tower
12:38 Scout Tower
12:38 Scout Tower
13:02 Guard Tower
13:04 Scout Tower
13:05 Scout Tower
13:05 Scout Tower
13:06 Scout Tower
13:06 Scout Tower
13:06 Scout Tower
13:34 Guard Tower
13:40 Guard Tower
13:40 Guard Tower
13:45 Farm
13:51 Guard Tower
13:51 Guard Tower
14:33 Town Hall
15:27 Guard Tower
16:20 Castle
16:21 Castle
16:29 Town Hall
19:28 Arcane Sanctum
19:36 Barracks
19:49 Scout Tower
19:51 Scout Tower
19:51 Scout Tower
19:52 Scout Tower
19:52 Scout Tower
20:25 Guard Tower
20:25 Guard Tower
20:44 Blacksmith
20:49 Guard Tower
21:17 Guard Tower
21:17 Guard Tower
22:58 Scout Tower
23:00 Scout Tower
23:01 Scout Tower
23:02 Scout Tower
23:03 Scout Tower
23:04 Scout Tower
23:05 Scout Tower
23:06 Scout Tower
23:07 Scout Tower
23:08 Scout Tower
23:21 Scout Tower
23:22 Scout Tower
23:23 Scout Tower
23:24 Scout Tower
23:30 Guard Tower
23:54 Guard Tower
23:54 Guard Tower
24:03 Scout Tower
24:04 Scout Tower
24:05 Scout Tower
24:06 Scout Tower
24:07 Scout Tower
24:07 Scout Tower
24:36 Guard Tower
24:36 Guard Tower
24:37 Guard Tower
24:38 Guard Tower
24:38 Guard Tower
25:31 Guard Tower
25:34 Scout Tower
25:34 Scout Tower
25:35 Scout Tower
25:36 Scout Tower
26:34 Guard Tower
26:35 Town Hall
26:37 Scout Tower
26:37 Scout Tower
26:38 Scout Tower
26:40 Scout Tower
28:16 Guard Tower
28:17 Guard Tower
28:18 Scout Tower
28:19 Scout Tower
28:20 Scout Tower
28:20 Scout Tower
28:22 Guard Tower
31:12 Guard Tower
31:14 Scout Tower
31:14 Scout Tower
31:15 Scout Tower
31:15 Scout Tower
31:22 Scout Tower
31:23 Scout Tower
31:24 Scout Tower
31:24 Scout Tower
31:28 Scout Tower
31:29 Scout Tower
31:29 Scout Tower
31:31 Scout Tower
31:35 Scout Tower
31:36 Scout Tower
31:36 Scout Tower
31:38 Scout Tower
31:52 Guard Tower
31:53 Guard Tower
32:03 Scout Tower
32:03 Scout Tower
32:04 Scout Tower
32:04 Scout Tower
32:14 Guard Tower
32:38 Guard Tower
33:04 Guard Tower
34:42 Guard Tower
34:42 Guard Tower
35:03 Gryphon Aviary
35:04 Gryphon Aviary
35:24 Guard Tower
35:24 Guard Tower
35:37 Scout Tower
35:38 Scout Tower
35:39 Scout Tower
35:46 Scout Tower
35:47 Scout Tower
35:52 Scout Tower
35:53 Scout Tower
35:55 Scout Tower
35:55 Scout Tower
35:56 Scout Tower
35:57 Scout Tower
35:57 Scout Tower
36:52 Guard Tower
36:52 Guard Tower
37:34 Scout Tower
37:34 Scout Tower
37:35 Scout Tower
37:36 Scout Tower
37:46 Guard Tower
38:08 Arcane Vault
38:09 Guard Tower
38:10 Guard Tower
38:29 Lumber Mill
38:54 Guard Tower
40:20 Guard Tower
41:38 Scout Tower
41:39 Scout Tower
41:40 Scout Tower
41:40 Scout Tower
42:01 Scout Tower
42:02 Scout Tower
42:03 Scout Tower
42:03 Scout Tower
42:05 Scout Tower
42:09 Guard Tower
42:09 Guard Tower
43:20 Guard Tower
43:21 Guard Tower
43:22 Scout Tower
43:23 Guard Tower
43:25 Guard Tower
43:25 Guard Tower
43:59 Guard Tower
43:59 Guard Tower
44:01 Guard Tower
44:16 Scout Tower
44:16 Scout Tower
44:19 Guard Tower
44:20 Scout Tower
44:22 Scout Tower
44:50 Guard Tower
44:50 Guard Tower
44:52 Guard Tower
44:53 Guard Tower
44:55 Scout Tower
45:23 Guard Tower
45:24 Scout Tower
45:27 Scout Tower
46:16 Guard Tower
46:16 Guard Tower
46:19 Arcane Tower
46:21 Arcane Tower
46:21 Arcane Tower
46:21 Arcane Tower
46:28 Scout Tower
46:28 Scout Tower
46:29 Scout Tower
48:14 Town Hall
49:28 Guard Tower
49:29 Scout Tower
50:26 Guard Tower
50:27 Guard Tower
51:29 Scout Tower
51:31 Scout Tower
51:31 Scout Tower
51:32 Scout Tower
51:33 Scout Tower
51:35 Scout Tower
51:36 Scout Tower
51:37 Scout Tower
51:38 Scout Tower
51:39 Scout Tower
51:40 Scout Tower
51:41 Scout Tower
51:41 Scout Tower
51:43 Scout Tower
51:45 Scout Tower
51:54 Scout Tower
51:55 Scout Tower
51:56 Scout Tower
51:58 Scout Tower
51:58 Scout Tower
52:27 Guard Tower
52:27 Guard Tower
52:41 Scout Tower
52:42 Scout Tower
52:42 Scout Tower
52:43 Scout Tower
52:44 Scout Tower
52:56 Guard Tower
52:57 Guard Tower
53:12 Guard Tower
53:12 Guard Tower
53:13 Guard Tower
53:18 Guard Tower
53:18 Guard Tower
53:53 Guard Tower
54:09 Guard Tower
54:09 Guard Tower
54:12 Scout Tower
54:13 Scout Tower
54:13 Scout Tower
54:14 Scout Tower
54:15 Scout Tower
55:29 Guard Tower
55:29 Guard Tower
55:31 Scout Tower
55:32 Scout Tower
55:33 Scout Tower
55:34 Scout Tower
55:34 Scout Tower
55:54 Guard Tower
55:54 Guard Tower
55:58 Guard Tower
55:59 Guard Tower
55:59 Guard Tower
56:07 Scout Tower
56:09 Scout Tower
56:10 Scout Tower
56:11 Scout Tower
56:11 Scout Tower
56:13 Scout Tower
56:15 Scout Tower
56:16 Scout Tower
56:18 Scout Tower
56:19 Scout Tower
56:21 Scout Tower
56:22 Scout Tower
56:32 Scout Tower
56:33 Scout Tower
56:35 Scout Tower
56:36 Scout Tower
56:38 Scout Tower
56:39 Scout Tower
56:41 Scout Tower
56:44 Scout Tower
56:44 Scout Tower
56:46 Guard Tower
56:47 Guard Tower
57:05 Guard Tower
57:06 Guard Tower
57:07 Guard Tower
57:07 Guard Tower
57:15 Guard Tower
57:17 Guard Tower
57:17 Guard Tower
57:21 Scout Tower
57:21 Scout Tower
57:22 Scout Tower
57:28 Scout Tower
57:29 Scout Tower
57:30 Scout Tower
57:34 Guard Tower
57:34 Guard Tower
57:47 Scout Tower
57:47 Scout Tower
57:48 Scout Tower
57:57 Guard Tower
57:57 Guard Tower
58:00 Guard Tower
58:00 Guard Tower
58:03 Scout Tower
58:04 Scout Tower
58:06 Guard Tower
58:06 Guard Tower
58:13 Scout Tower
58:14 Scout Tower
58:15 Scout Tower
58:16 Scout Tower
58:17 Scout Tower
58:21 Guard Tower
58:21 Guard Tower
59:08 Guard Tower
59:11 Scout Tower
59:13 Scout Tower
59:13 Scout Tower
59:17 Scout Tower
59:18 Scout Tower
59:18 Scout Tower
59:19 Scout Tower
59:19 Scout Tower
60:03 Guard Tower
60:03 Guard Tower
60:26 Guard Tower
60:26 Guard Tower
60:27 Scout Tower
60:38 Scout Tower
60:39 Scout Tower
60:46 Scout Tower
60:47 Scout Tower
60:54 Scout Tower
60:56 Scout Tower
60:59 Scout Tower
61:00 Scout Tower
61:00 Scout Tower
61:02 Guard Tower
61:03 Guard Tower
61:04 Scout Tower
61:04 Guard Tower
61:07 Scout Tower
61:09 Scout Tower
61:10 Scout Tower
61:11 Scout Tower
61:17 Guard Tower
61:18 Guard Tower
61:18 Guard Tower
61:59 Guard Tower
62:01 Scout Tower
62:04 Scout Tower
62:27 Guard Tower
62:28 Scout Tower
62:29 Scout Tower
62:30 Scout Tower
62:30 Scout Tower
62:32 Guard Tower
62:33 Guard Tower
62:48 Scout Tower
62:49 Scout Tower
62:49 Scout Tower
62:51 Scout Tower
62:59 Guard Tower
63:13 Farm
63:14 Farm
63:15 Farm
63:15 Farm
63:16 Farm
63:17 Farm
63:18 Farm
63:28 Guard Tower
64:40 Farm
64:42 Farm
64:44 Farm
64:45 Farm
64:47 Farm
64:49 Farm
66:09 Scout Tower
66:11 Scout Tower
66:13 Scout Tower
66:14 Scout Tower
66:14 Scout Tower
66:16 Scout Tower
66:19 Scout Tower
66:20 Scout Tower
66:22 Scout Tower
66:22 Scout Tower
66:24 Scout Tower
66:24 Scout Tower
66:25 Scout Tower
66:57 Farm
66:58 Farm
66:59 Farm
68:10 Guard Tower
69:11 Guard Tower
69:12 Guard Tower
71:55 Guard Tower
71:55 Guard Tower
71:56 Guard Tower
71:56 Guard Tower
» items
                
                | Potion of Healing | 2 |  | 
| Scroll of Regeneration | 5 |  | 
| Lesser Clarity Potion | 1 |  | 
| Scroll of Town Portal | 3 |  | 
| Staff of Sanctuary | 1 |  | 
                12 total
  
               
              
              
www.urgay.com (
green | 18 APM | 6342 actions | 356:12)
              
 4 Archmage 
 2 Summon Water Elemental
 1 Brilliance Aura
 1 Mass Teleport
 
                » actions 
                
                | Assign group hotkey | 49 |  | 
| Basic commands | 107 |  | 
| Build / train | 155 |  | 
| ESC pressed | 6 |  | 
| Enter build submenu | 137 |  | 
| Enter hero's abilities submenu | 4 |  | 
| Give item / drop item | 2 |  | 
| Right click | 2828 |  | 
| Select / deselect | 852 |  | 
| Select group hotkey | 1574 |  | 
| Use ability | 628 |  | 
                6342 total
 » units 
                
                | Peasant | 24 |  | 
| Goblin Shredder | 1 |  | 
| Flying Machine | 17 |  | 
| Goblin Zeppelin | 1 |  | 
| Dragonhawk Rider | 5 |  | 
                48 total
 » upgrades
                
                | Masonry | 3 |  | 
| Lumber Harvesting | 1 |  | 
| Magic Sentry | 1 |  | 
| Flak Cannons | 1 |  | 
| Flying Machine Bombs | 1 |  | 
| Gunpowder | 3 |  | 
| Plating | 3 |  | 
                13 total
 » buildings
                
                | Altar of Kings | 2 |  | 
| Farm | 15 |  | 
| Scout Tower | 287 |  | 
| Lumber Mill | 2 |  | 
| Guard Tower | 70 |  | 
| Town Hall | 3 |  | 
| Keep | 2 |  | 
| Arcane Sanctum | 1 |  | 
| Gryphon Aviary | 3 |  | 
| Arcane Tower | 12 |  | 
| Castle | 1 |  | 
| Blacksmith | 2 |  | 
| Workshop | 4 |  | 
| Arcane Vault | 1 |  | 
                405 total
 » build order
                00:08 Altar of Kings
00:26 Farm
00:28 Scout Tower
00:30 Scout Tower
00:33 Lumber Mill
01:36 Guard Tower
02:05 Farm
02:15 Guard Tower
02:17 Farm
02:20 Farm
02:43 Scout Tower
02:45 Scout Tower
02:54 Farm
04:07 Scout Tower
04:08 Scout Tower
04:13 Guard Tower
04:16 Scout Tower
04:16 Scout Tower
04:23 Scout Tower
04:24 Scout Tower
04:24 Scout Tower
04:26 Scout Tower
04:26 Scout Tower
04:29 Scout Tower
04:50 Guard Tower
05:02 Guard Tower
05:03 Guard Tower
05:07 Guard Tower
05:09 Scout Tower
05:11 Scout Tower
05:12 Scout Tower
05:18 Scout Tower
05:19 Scout Tower
05:24 Scout Tower
05:26 Scout Tower
05:27 Scout Tower
05:29 Scout Tower
05:30 Scout Tower
05:32 Scout Tower
05:34 Scout Tower
05:35 Scout Tower
05:37 Guard Tower
05:42 Guard Tower
05:45 Scout Tower
06:14 Guard Tower
06:35 Guard Tower
08:15 Guard Tower
08:23 Scout Tower
08:24 Scout Tower
08:27 Scout Tower
08:28 Scout Tower
09:48 Guard Tower
09:52 Town Hall
09:58 Guard Tower
10:00 Scout Tower
10:01 Scout Tower
10:02 Scout Tower
10:03 Scout Tower
10:05 Scout Tower
10:06 Scout Tower
10:07 Scout Tower
10:08 Scout Tower
10:09 Scout Tower
10:11 Scout Tower
10:12 Scout Tower
10:13 Scout Tower
10:15 Scout Tower
10:20 Keep
10:38 Guard Tower
11:54 Guard Tower
12:18 Guard Tower
12:25 Guard Tower
12:33 Guard Tower
12:39 Guard Tower
12:46 Guard Tower
13:42 Town Hall
13:51 Scout Tower
13:53 Scout Tower
13:55 Scout Tower
13:56 Scout Tower
13:58 Scout Tower
13:58 Scout Tower
13:59 Scout Tower
14:00 Scout Tower
14:01 Scout Tower
14:02 Scout Tower
14:03 Scout Tower
14:03 Scout Tower
14:04 Scout Tower
14:30 Guard Tower
14:40 Guard Tower
14:48 Guard Tower
14:56 Guard Tower
15:25 Guard Tower
15:38 Keep
15:47 Guard Tower
15:50 Guard Tower
16:20 Scout Tower
16:24 Scout Tower
16:27 Scout Tower
16:28 Scout Tower
16:33 Guard Tower
16:48 Guard Tower
16:56 Guard Tower
17:03 Guard Tower
17:12 Guard Tower
17:30 Guard Tower
17:35 Scout Tower
17:36 Scout Tower
17:40 Guard Tower
17:42 Scout Tower
17:43 Scout Tower
18:11 Guard Tower
18:23 Arcane Sanctum
18:47 Guard Tower
18:57 Scout Tower
18:58 Scout Tower
19:00 Scout Tower
19:01 Scout Tower
19:03 Scout Tower
19:05 Scout Tower
19:06 Scout Tower
19:07 Scout Tower
19:08 Scout Tower
19:09 Scout Tower
19:10 Scout Tower
19:11 Scout Tower
19:12 Scout Tower
19:13 Scout Tower
19:14 Scout Tower
19:15 Scout Tower
19:17 Scout Tower
19:20 Scout Tower
19:21 Scout Tower
19:23 Scout Tower
19:24 Scout Tower
19:28 Scout Tower
19:32 Scout Tower
19:34 Scout Tower
19:35 Scout Tower
19:36 Scout Tower
19:37 Scout Tower
19:37 Scout Tower
19:38 Scout Tower
19:40 Scout Tower
20:01 Guard Tower
20:04 Guard Tower
20:25 Scout Tower
20:26 Scout Tower
20:40 Guard Tower
20:52 Gryphon Aviary
20:58 Gryphon Aviary
20:59 Gryphon Aviary
22:22 Guard Tower
22:39 Arcane Tower
22:42 Arcane Tower
22:43 Guard Tower
23:05 Castle
23:17 Guard Tower
23:21 Guard Tower
24:14 Blacksmith
24:45 Workshop
24:45 Workshop
24:48 Workshop
25:16 Arcane Vault
25:21 Scout Tower
25:23 Scout Tower
25:24 Scout Tower
25:24 Scout Tower
25:26 Scout Tower
25:27 Scout Tower
25:29 Scout Tower
25:30 Scout Tower
25:31 Scout Tower
25:32 Scout Tower
25:33 Scout Tower
25:34 Scout Tower
25:34 Scout Tower
25:36 Scout Tower
25:37 Scout Tower
25:38 Scout Tower
25:39 Scout Tower
25:40 Scout Tower
25:41 Scout Tower
25:43 Scout Tower
25:44 Scout Tower
25:45 Scout Tower
25:46 Scout Tower
25:51 Scout Tower
25:52 Scout Tower
25:53 Scout Tower
25:54 Scout Tower
25:55 Scout Tower
25:55 Scout Tower
26:10 Farm
26:12 Farm
26:14 Farm
26:15 Farm
26:16 Farm
26:16 Farm
26:53 Guard Tower
26:59 Guard Tower
27:04 Guard Tower
27:23 Guard Tower
28:02 Guard Tower
31:50 Town Hall
31:55 Scout Tower
31:56 Scout Tower
31:57 Scout Tower
31:57 Scout Tower
33:06 Scout Tower
33:07 Scout Tower
33:07 Scout Tower
33:10 Scout Tower
33:12 Scout Tower
33:14 Scout Tower
33:14 Scout Tower
33:16 Scout Tower
33:17 Scout Tower
33:18 Scout Tower
33:19 Scout Tower
33:20 Scout Tower
33:21 Scout Tower
33:22 Scout Tower
33:23 Scout Tower
33:24 Scout Tower
33:25 Scout Tower
33:25 Scout Tower
33:26 Scout Tower
33:27 Scout Tower
33:28 Scout Tower
33:29 Scout Tower
33:30 Scout Tower
33:31 Scout Tower
33:32 Scout Tower
33:33 Scout Tower
33:34 Scout Tower
33:35 Scout Tower
33:46 Guard Tower
34:59 Guard Tower
35:01 Guard Tower
36:29 Scout Tower
36:30 Scout Tower
36:31 Scout Tower
36:32 Scout Tower
36:34 Scout Tower
36:34 Scout Tower
36:36 Scout Tower
37:17 Guard Tower
37:25 Guard Tower
37:25 Guard Tower
37:27 Scout Tower
37:28 Scout Tower
37:29 Scout Tower
37:30 Scout Tower
37:31 Scout Tower
37:32 Scout Tower
37:33 Scout Tower
37:34 Scout Tower
37:35 Scout Tower
37:36 Scout Tower
37:37 Scout Tower
37:39 Scout Tower
37:40 Scout Tower
37:42 Scout Tower
37:43 Scout Tower
37:44 Scout Tower
37:53 Guard Tower
38:49 Guard Tower
38:56 Arcane Tower
38:59 Arcane Tower
39:05 Arcane Tower
41:49 Guard Tower
41:51 Arcane Tower
41:54 Scout Tower
41:54 Scout Tower
41:55 Scout Tower
41:57 Scout Tower
41:59 Scout Tower
42:00 Scout Tower
42:01 Scout Tower
42:02 Scout Tower
42:03 Scout Tower
42:04 Scout Tower
44:33 Guard Tower
46:18 Scout Tower
46:20 Scout Tower
46:22 Scout Tower
46:23 Scout Tower
46:24 Scout Tower
50:07 Scout Tower
50:09 Scout Tower
50:09 Scout Tower
50:10 Scout Tower
50:13 Scout Tower
50:13 Scout Tower
50:14 Scout Tower
50:16 Scout Tower
50:17 Scout Tower
50:18 Scout Tower
50:20 Scout Tower
50:20 Scout Tower
50:21 Scout Tower
50:21 Scout Tower
50:27 Scout Tower
50:28 Scout Tower
50:30 Scout Tower
50:30 Scout Tower
50:34 Scout Tower
50:34 Scout Tower
50:36 Scout Tower
50:37 Scout Tower
50:39 Scout Tower
50:39 Scout Tower
50:53 Guard Tower
51:28 Scout Tower
51:30 Scout Tower
51:30 Scout Tower
51:31 Scout Tower
51:35 Scout Tower
51:35 Scout Tower
51:36 Scout Tower
51:38 Scout Tower
51:42 Scout Tower
51:45 Scout Tower
51:45 Scout Tower
51:46 Scout Tower
51:56 Arcane Tower
51:57 Guard Tower
52:10 Scout Tower
52:11 Scout Tower
52:32 Arcane Tower
52:59 Arcane Tower
53:08 Scout Tower
53:10 Scout Tower
53:14 Scout Tower
53:14 Scout Tower
53:15 Scout Tower
53:16 Scout Tower
53:17 Scout Tower
53:18 Scout Tower
53:19 Scout Tower
53:20 Scout Tower
53:47 Arcane Tower
53:49 Guard Tower
53:57 Scout Tower
53:58 Scout Tower
53:59 Scout Tower
53:59 Scout Tower
54:01 Scout Tower
54:02 Scout Tower
54:03 Scout Tower
54:03 Scout Tower
54:05 Scout Tower
54:06 Scout Tower
54:07 Scout Tower
54:07 Scout Tower
54:09 Scout Tower
54:10 Scout Tower
54:12 Scout Tower
54:12 Scout Tower
54:13 Scout Tower
54:13 Scout Tower
54:33 Guard Tower
54:38 Arcane Tower
55:19 Guard Tower
55:21 Guard Tower
55:48 Lumber Mill
55:58 Arcane Tower
56:03 Scout Tower
56:05 Scout Tower
56:05 Scout Tower
56:07 Scout Tower
56:07 Scout Tower
56:09 Scout Tower
56:09 Scout Tower
56:11 Scout Tower
56:12 Scout Tower
56:12 Scout Tower
56:14 Scout Tower
56:15 Scout Tower
56:16 Scout Tower
56:17 Scout Tower
56:21 Scout Tower
56:21 Scout Tower
56:22 Scout Tower
56:23 Scout Tower
56:24 Scout Tower
56:26 Scout Tower
56:26 Scout Tower
56:27 Scout Tower
56:28 Scout Tower
56:30 Scout Tower
57:04 Guard Tower
57:10 Guard Tower
58:39 Guard Tower
58:42 Guard Tower
59:08 Altar of Kings
59:16 Farm
59:17 Farm
59:18 Farm
59:19 Farm
59:32 Blacksmith
60:10 Guard Tower
62:11 Workshop
» items
                
                | Scroll of Town Portal | 3 |  | 
| Staff of Teleportation | 1 |  | 
                4 total
  
                Chat log
          (00:06 / Allies) IvoryTower: tdown this map
(00:06 / Allies) IvoryTower: next
(00:14 / Allies) www.urgay.com: otay
(00:31 / Allies) IvoryTower: c:ing island asap
(00:47 / Allies) www.urgay.com: making a city complete with a highway infrastructure
(00:51 / Allies) IvoryTower: nyce
(00:56 / Allies) IvoryTower: i'll make tower isalnd
(01:33 / Allies) IvoryTower: can you make tunnel of love to my base
(01:37 / Allies) www.urgay.com: o k
(01:45 / Allies) www.urgay.com: it will be i-69
(01:50 / Allies) IvoryTower: lol :-
(01:50 / Allies) IvoryTower: )
(01:52 / Allies) www.urgay.com: because in america the highways inbetween states
(01:56 / Allies) www.urgay.com: are called interstates
(02:01 / Allies) www.urgay.com: like interstate-95
(02:10 / Allies) www.urgay.com: or for short -95
(02:12 / Allies) www.urgay.com: i-95
(02:25 / Allies) www.urgay.com: this is the tool booth vroom vroom
(02:29 / Allies) IvoryTower: scouted by ork
(03:26 / Allies) IvoryTower: these guys ain't that bad
(03:31 / Allies) www.urgay.com: ud is
(03:40 / Allies) IvoryTower: all i know is he scouted me
(03:42 / Allies) IvoryTower: makes him better than most
(04:57 / Allies) www.urgay.com: guy has ghouls&beetles
(05:41 / Allies) IvoryTower: need mad gold
(05:42 / Allies) IvoryTower: danggg
(05:52 / Allies) IvoryTower: ty
(05:52 / Allies) IvoryTower: teching now
(05:55 / Allies) www.urgay.com: dang lol
(06:21 / Allies) IvoryTower: it's real
(06:53 / Allies) IvoryTower: fuc
(07:41 / Allies) www.urgay.com: cl
(07:43 / Allies) IvoryTower: pharo next
(08:04 / Allies) IvoryTower: nice
(08:38 / Allies) www.urgay.com: kill that nukka
(08:55 / Allies) IvoryTower: killing cls is difficult
(09:10 / Allies) www.urgay.com: he doesnt attack he goes for surround
(09:12 / Allies) www.urgay.com: use dis
(09:25 / Allies) IvoryTower: he has more hp than me now see
(10:17 / Allies) IvoryTower: i coodve used some help here
(10:25 / Allies) www.urgay.com: i could've used an expansion
(10:33 / Allies) IvoryTower: yeah so you should have taken that earlier maybe
(10:39 / Allies) www.urgay.com: was busy
(11:32 / Allies) IvoryTower: he is revealing
(11:42 / Allies) www.urgay.com: noob doesnt attack
(12:21 / Allies) www.urgay.com: wood me psl
(12:25 / Allies) IvoryTower: yeah right
(12:30 / Allies) IvoryTower: aint got shit, don't even have an expo
(12:47 / Allies) IvoryTower: letsa go
(12:58 / Allies) IvoryTower: fine i try
(13:14 / Allies) IvoryTower: too late it seems to me
(13:32 / Allies) www.urgay.com: is a problem? no
(15:07 / Allies) IvoryTower: fuck my luck
(15:13 / Allies) www.urgay.com: fuck ur duck
(16:01 / Allies) IvoryTower: did you lure him away?
(16:03 / Allies) www.urgay.com: yes
(16:06 / Allies) IvoryTower: biiig ty
(17:45 / Allies) IvoryTower: damn
(17:52 / Allies) www.urgay.com: gg
(17:53 / Allies) www.urgay.com: gg
(17:53 / Allies) www.urgay.com: gg
(17:54 / Allies) www.urgay.com: gg
(17:56 / Allies) IvoryTower: gotta be shitting me right
(18:06 / Allies) IvoryTower: haha
(18:12 / Allies) www.urgay.com: mad funny
(18:32 / Allies) www.urgay.com: tower dis
(18:50 / Allies) IvoryTower: can't believe we lost the islansd
(19:48 / Allies) www.urgay.com: wood me
(19:53 / Allies) www.urgay.com: starting the tunnel
(20:31 / Allies) www.urgay.com: gonna make some reveal towers
(20:35 / Allies) www.urgay.com: to kill their ward in top l
(20:46 / Allies) IvoryTower: ayght
(20:47 / Allies) www.urgay.com: ok??????????
(21:05 / Allies) www.urgay.com: oow
(21:08 / Allies) www.urgay.com: out of wood
(21:11 / Allies) IvoryTower: m2
(21:25 / Allies) www.urgay.com: can you work some towers towards me
(21:34 / Allies) IvoryTower: OT
(21:43 / Allies) IvoryTower: what width
(21:54 / Allies) www.urgay.com: like dis
(22:06 / Allies) www.urgay.com: leave openings to visit the merchant
(22:08 / Allies) www.urgay.com: or visit da pillar
(22:16 / Allies) www.urgay.com: like exit 1
(22:18 / Allies) www.urgay.com: exit 2
(22:18 / Allies) www.urgay.com: etc
(23:11 / Allies) IvoryTower: this should match up
(23:14 / Allies) IvoryTower: if i did the calculations correctley
(23:47 / Allies) IvoryTower: they scanned me
(23:49 / Allies) www.urgay.com: i did
(23:52 / Allies) IvoryTower: oh
(23:54 / Allies) www.urgay.com: wit reveal tower
(23:56 / Allies) IvoryTower: don't scare me like dat
(24:00 / Allies) IvoryTower: i already cleared the ward
(24:02 / Allies) www.urgay.com: oic
(24:07 / Allies) www.urgay.com: they are coming then
(24:14 / Allies) IvoryTower: i cleared it a whiel agos
(24:21 / Allies) www.urgay.com: getting mad gyro
(24:22 / Allies) IvoryTower: nope yuou right
(24:33 / Allies) www.urgay.com: AAAAAAAAAAAAAAAAAAA
(24:40 / Allies) www.urgay.com: SHOOT THAT NIGGA down
(24:51 / Allies) IvoryTower: is emtpy i think
(24:57 / Allies) IvoryTower: nope acos
(25:00 / Allies) IvoryTower: he was tryin ta expand
(25:57 / Allies) IvoryTower: tower island will thrive in the face of it's rivals
(26:22 / Allies) www.urgay.com: lmao
(26:23 / Allies) IvoryTower: shit mad repair
(26:25 / Allies) www.urgay.com: get gryph
(26:31 / Allies) IvoryTower: no food yet
(26:41 / Allies) www.urgay.com: almost oog
(26:44 / Allies) www.urgay.com: almost            oog
(26:52 / Allies) IvoryTower: so fix dthat
(27:17 / Allies) IvoryTower: shit they are letting me have it
(27:44 / Allies) www.urgay.com: i got gyro comin
(27:49 / Allies) IvoryTower: kill red's
(27:50 / Allies) IvoryTower: expo
(27:51 / Allies) IvoryTower: instead
(27:52 / Allies) www.urgay.com: ok
(29:22 / Allies) www.urgay.com: wheres your zep
(29:32 / Allies) IvoryTower: sending to your main
(29:38 / Allies) www.urgay.com: ty
(29:47 / Allies) IvoryTower: hull breach
(30:15 / Allies) www.urgay.com: tping
(30:28 / Allies) IvoryTower: i'm fortifying Tower Isle
(30:43 / Allies) IvoryTower: the dk died
(30:54 / Allies) IvoryTower: nyce
(31:02 / Allies) IvoryTower: watch out you can't take that moth on your own
(31:08 / Allies) IvoryTower: he have ank and everything
(31:45 / Allies) IvoryTower: he is 6
(31:49 / Allies) IvoryTower: with an ankh and shit
(32:10 / Allies) IvoryTower: red peon
(32:35 / Allies) IvoryTower: i think this can be done
(32:36 / Allies) www.urgay.com: gold me
(32:43 / Allies) IvoryTower: wow you are in low
(32:45 / Allies) IvoryTower: are you trying to backstab me
(32:54 / Allies) www.urgay.com: go
(33:02 / Allies) www.urgay.com: gold me
(33:03 / Allies) www.urgay.com: ty
(33:12 / Allies) IvoryTower: gyro that??
(34:06 / Allies) www.urgay.com: where is zep
(34:13 / Allies) IvoryTower: wherever you left it
(34:48 / Allies) www.urgay.com: fiends XD
(35:08 / Allies) IvoryTower: tower that up
(35:11 / Allies) www.urgay.com: need zep
(35:31 / Allies) IvoryTower: op it
(35:59 / Allies) IvoryTower: okay
(36:05 / Allies) IvoryTower: the turnpike is constructe4d
(36:10 / Allies) IvoryTower: my main is going
(37:07 / Allies) IvoryTower: let me buy ew zp
(37:18 / Allies) IvoryTower: biiig ty
(37:59 / Allies) IvoryTower: i guess the tunnel is kinda done
(38:09 / Allies) www.urgay.com: good enough 4 me
(38:15 / Allies) IvoryTower: i need to focus on Toweria
(38:25 / Allies) www.urgay.com: i need some g
(38:35 / Allies) www.urgay.com: ty
(39:08 / Allies) IvoryTower: proxymining this
(39:10 / Allies) IvoryTower: from across the lake
(39:17 / Allies) IvoryTower: peons commute by zep
(39:35 / Allies) www.urgay.com: that some serious dedication
(39:41 / Allies) IvoryTower: yo timg can you get these out by zel
(39:41 / Allies) IvoryTower: zep
(39:46 / Allies) www.urgay.com: get what
(39:46 / Allies) IvoryTower: they need to be airlifted
(39:51 / Allies) IvoryTower: actually nm
(39:53 / Allies) IvoryTower: the road is still clear
(40:23 / Allies) www.urgay.com: watch dis
(40:27 / Allies) IvoryTower: L@L
(40:36 / Allies) IvoryTower: wonder why no bats this game
(40:43 / Allies) www.urgay.com: too noob
(40:51 / Allies) IvoryTower: gotta be it
(41:08 / Allies) IvoryTower: he could kill all thos gyro probably
(41:15 / Allies) IvoryTower: or just your am 
(42:11 / Allies) www.urgay.com: we win i think
(42:19 / Allies) IvoryTower: yeah too many fiends, not enough wyrm
(42:26 / Allies) IvoryTower: besides we juggled our upkeep well
(42:32 / Allies) IvoryTower: and he's unsumming
(42:38 / Allies) IvoryTower: keep that supressed
(42:39 / Allies) IvoryTower: and we're good
(42:44 / Allies) www.urgay.com: watch that
(42:54 / Allies) IvoryTower: i'm proxymining it
(43:05 / Allies) IvoryTower: should wait for him to build it
(43:10 / Allies) IvoryTower: finds inc
(43:46 / Allies) www.urgay.com: lmao
(43:50 / Allies) IvoryTower: hehe
(44:24 / Allies) IvoryTower: scanning my island
(45:29 / Allies) www.urgay.com: got my mobile defense
(45:35 / Allies) IvoryTower: a moat of gyrocopters
(46:03 / Allies) www.urgay.com: nigga aint getting in
(46:14 / Allies) IvoryTower: requesting a scout
(46:24 / Allies) IvoryTower: actually getting some arctowers
(46:32 / Allies) www.urgay.com: where do you want scanned
(46:42 / Allies) www.urgay.com: only 4k gold
(46:50 / Allies) IvoryTower: oh well
(46:54 / Allies) www.urgay.com: guy also in upk
(47:28 / Allies) IvoryTower: oh well we must say goodbye to our landlocked bases
(47:33 / Allies) IvoryTower: and move to the islands
(48:24 / Allies) IvoryTower: he isn't even using his dudes
(48:32 / Allies) IvoryTower: nor is red
(48:48 / Allies) www.urgay.com: dis my house
(48:49 / Allies) IvoryTower: my settlers are working
(49:32 / Allies) IvoryTower: oh
(49:37 / Allies) IvoryTower: just noticed i am listening to The Island
(49:39 / Allies) IvoryTower: by the decemberists
(49:41 / Allies) www.urgay.com: awesome
(49:51 / Allies) IvoryTower: good song, good game
(49:58 / Allies) www.urgay.com: whatevs the fun dont start until he hits da highway
(50:49 / Allies) IvoryTower: settlers are ownin this mine
(51:48 / Allies) IvoryTower: he's still scanning the island
(52:32 / Allies) IvoryTower: he has a bunch of lustauren there
(52:33 / Allies) IvoryTower: too
(52:52 / Allies) IvoryTower: haha
(53:26 / Allies) www.urgay.com: island died
(53:34 / Allies) IvoryTower: yeah mine did a while ago
(53:36 / Allies) www.urgay.com: just going to hella reinforce the highway
(53:39 / Allies) IvoryTower: this died too
(53:51 / Allies) IvoryTower: i'm filling up the island with towers
(54:06 / Allies) IvoryTower: 250
(54:24 / Allies) IvoryTower: when that's gone the mainland will have been stripmined
(54:38 / Allies) IvoryTower: fuck
(55:00 / Allies) IvoryTower: gonna try to airlift them
(55:33 / Allies) www.urgay.com: my island defended better imo
(55:36 / Allies) www.urgay.com: better defended?
(55:43 / Allies) IvoryTower: no idea
(55:47 / Allies) IvoryTower: more well-defended?
(56:26 / Allies) IvoryTower: lumber is going to be a very real problem for me
(56:27 / Allies) IvoryTower: soon
(56:44 / Allies) www.urgay.com: get a shredda
(56:53 / Allies) IvoryTower: i should get 8 shredders
(56:56 / Allies) IvoryTower: and just dump them
(57:01 / Allies) IvoryTower: rake in da lum
(57:31 / All) IvoryTower: gl & hf
(57:31 / Allies) www.urgay.com: lost some gyro
(57:49 / Allies) IvoryTower: to what
(57:53 / Allies) IvoryTower: web?
(57:56 / Allies) www.urgay.com: yeah
(57:57 / Allies) www.urgay.com: i guess
(58:38 / Allies) IvoryTower: let them kill it
(58:40 / Allies) IvoryTower: idc
(58:43 / Allies) IvoryTower: it's all about the islands anyway
(58:49 / Allies) IvoryTower: i like how no oil
(58:59 / Allies) IvoryTower: hahaha
(59:03 / Allies) IvoryTower: g00d trade
(59:13 / Allies) www.urgay.com: do you have gold
(59:20 / Allies) IvoryTower: yes
(59:26 / Allies) www.urgay.com: hook a brotha up
(59:28 / Allies) IvoryTower: don't want to give though because i don't want you to defend the mainland
(59:38 / Allies) www.urgay.com: fine
(59:47 / Allies) IvoryTower: b-sides you have enough to res
(59:54 / Allies) www.urgay.com: wanted some more gyro d
(60:20 / Allies) IvoryTower: harvest some more lum
(60:22 / Allies) IvoryTower: with those last peasants
(60:35 / Allies) www.urgay.com: why did we even make highway
(60:40 / Allies) www.urgay.com: if you have no intentions of defending it
(60:43 / Allies) IvoryTower: gesture of peace
(60:50 / Allies) IvoryTower: that too is a statement
(61:25 / Allies) www.urgay.com: no more balde
(61:26 / Allies) www.urgay.com: blade
(61:33 / Allies) IvoryTower: hee
(61:37 / Allies) www.urgay.com: nigga hasnt unsummoned yet
(63:45 / Allies) IvoryTower: getting 100 food dhawk
(63:49 / Allies) IvoryTower: then towers with the rest
(63:51 / Allies) www.urgay.com: send me a zep
(63:55 / Allies) www.urgay.com: i want a staff of teleport
(64:08 / Allies) IvoryTower: kelen goes down with his ship (island)
(64:20 / Allies) IvoryTower: what happened to your zep?
(64:26 / Allies) www.urgay.com: idk
(64:28 / Allies) www.urgay.com: died i think
(64:42 / Allies) www.urgay.com: this is very bothersome
(65:08 / Allies) www.urgay.com: ty
(65:09 / Allies) IvoryTower: zep at ur service
(65:14 / Allies) IvoryTower: can we stop by the s gobshop fisrt
(65:27 / All) www.urgay.com: pyussy why dont u attk
(65:37 / All) NeverM1nD: moment ;)
(65:42 / All) ANGRYBIRD: why dont u leave?
(65:44 / Allies) IvoryTower: buy there, staff home, send zep north
(65:46 / All) ANGRYBIRD: i have the whole night
(65:47 / All) www.urgay.com: becasue we going to win
(65:56 / All) www.urgay.com: and ur gay
(66:04 / All) IvoryTower: i have until june
(66:17 / Allies) www.urgay.com: they got bbv
(66:36 / Allies) IvoryTower: ded taurenz
(67:48 / Allies) IvoryTower: dont die
(68:16 / Allies) www.urgay.com: my fuckin glorious highway
(68:25 / Allies) IvoryTower: not so glorious anymore
(68:30 / Allies) www.urgay.com: because you lazy
(68:39 / Allies) IvoryTower: n i don't want them to leave
(68:44 / Allies) www.urgay.com: they will WIN
(68:57 / Allies) IvoryTower: better than them leaving
(69:54 / Allies) IvoryTower: v_v;;;
(70:11 / Allies) www.urgay.com: they will just drop some siege out of range and pwn u
(71:44 / Allies) www.urgay.com: maybe get an mk
(71:46 / Allies) www.urgay.com: for sbolt
(71:47 / Allies) www.urgay.com: for bbv
(72:52 / Allies) IvoryTower: the dragonriders
(73:34 / Allies) www.urgay.com: got my peons on d too
(74:46 / All) www.urgay.com: worth it
(74:55 / All) ANGRYBIRD: missclicked
(75:00 / All) www.urgay.com: ok noob
(75:04 / All) NeverM1nD: -.-
(75:11 / All) ANGRYBIRD: whatever 8k gold left
(75:18 / All) www.urgay.com: 9k O_O
(75:24 / All) NeverM1nD: 6 only :(
(84:39 / All) www.urgay.com: how do you guys plan on taking the island
(84:46 / All) NeverM1nD: :(
(86:06 / All) www.urgay.com: why not charge it you pussies
(88:43 / All) www.urgay.com: u = pussies
(96:10 / All) www.urgay.com: ??
(97:20 / All) www.urgay.com: ?????
(97:24 / All) www.urgay.com: teh fabled exp deny??????\
(97:48 / All) www.urgay.com: ok come 2 da island when/if u please
(98:53 / All) www.urgay.com: how much gold do you gentlemen have
(102:34 / All) www.urgay.com: are you coming y/n
(106:10 / All) www.urgay.com: come pls
(107:04 / All) www.urgay.com: not going to revive blade?
(190:53 / All) www.urgay.com: i was gone for an hour playing mortal kombat in my basement did you know this
(322:20 / All) www.urgay.com: r u guys here i want to call a truce
(330:38 / All) www.urgay.com: hello
(356:01 / All) www.urgay.com: u guys r gay
(356:07 / All) www.urgay.com: learn how to fuckin win normally
(356:10 / All) www.urgay.com: towers r for pussies